 Dungeon Crawl Stone Soup version 0.21.1-1-g345015f (webtiles) character file.

51 Lurcharcal the Ruffian (level 3, -4/28 HPs)
             Began as a Draconian Transmuter on May 28, 2018.
             Slain by an adder (5 damage)
             ... on level 2 of the Dungeon.
             The game lasted 00:04:53 (1194 turns).

Lurcharcal the Ruffian (Draconian Transmuter)       Turns: 1194, Time: 00:04:54

Health: -4/28      AC:  5    Str: 13    XL:     3   Next: 58%
Magic:  6/6        EV: 12    Int: 13    God:
Gold:   38         SH:  0    Dex: 11    Spells: 5/6 levels left

rFire    . . .     SeeInvis .     - Unarmed
rCold    . . .     Gourm    .   (no shield)
rNeg     . . .     Faith    .   (armour unavailable)
rPois    .         Spirit   .   (helmet restricted)
rElec    .         Reflect  .   (no cloak)
rCorr    .         Harm     .   (no gloves)
MR       .....                  (no boots)
Stlth    +.........             (no amulet)
HPRegen  0.09/turn              (no ring)
MPRegen  0.10/turn              (no ring)

@: lethally poisoned (-4 -> -7), hasted, very quick
A: unfitting armour, cold-blooded, AC +5
a: no special abilities


You were on level 2 of the Dungeon.
You were not hungry.

You visited 1 branch of the dungeon, and saw 2 of its levels.

You collected 38 gold pieces.

Inventory:

Missiles
 a - 21 arrows
Scrolls
 d - a scroll of noise {unknown}
 e - a scroll of magic mapping {unknown}
 g - a scroll of enchant armour {unknown}
 i - a scroll of blinking {unknown}
 j - a scroll of remove curse {unknown}
 k - a scroll of amnesia {unknown}
 m - a scroll of identify {unknown}
Potions
 l - a potion of cancellation {unknown}
Books
 b - a book of Changes

   Spells                             Type                      Level
   a - Beastly Appendage              Transmutation                1
   b - Sticks to Snakes               Transmutation                2
   c - Spider Form                    Transmutation/Poison         3
   d - Ice Form                       Ice/Transmutation            4
   e - Blade Hands                    Transmutation                5
Comestibles
 c - 3 rations
 f - 8 chunks of flesh


   Skills:
 + Level 1.2 Fighting
 + Level 2.0 Dodging
 + Level 3.8 Unarmed Combat
 + Level 2.3 Spellcasting
 * Level 2.5 Transmutations


You had 5 spell levels left.
You knew the following spells:

 Your Spells              Type           Power        Failure   Level  Hunger
a - Beastly Appendage     Tmut           #.....       9%          1    #......


Dungeon Overview and Level Annotations

Branches:
Dungeon (2/15)

Altars:


Innate Abilities, Weirdness & Mutations

Your plain brown scales are hard. (AC +5)
You cannot fit into any form of body armour.
You are cold-blooded and may be slowed by cold attacks.


Message History

You barely miss the adder. You claw the adder.
The adder is severely wounded.
The bat hits you but does no damage. The adder closely misses you. x2
You closely miss the adder.
The adder is severely wounded.
The bat hits you but does no damage. The adder bites you.
* * * LOW HITPOINT WARNING * * *
You are poisoned.
The adder poisons you!
You closely miss the adder. You tail-slap the adder.
The adder is almost dead.
* * * LOW HITPOINT WARNING * * *
You feel sick. The bat hits you but does no damage. The adder bites you.
* * * LOW HITPOINT WARNING * * *
It was a potion of haste.
You feel yourself speed up.
Your talons disappear.
The bat hits you.
* * * LOW HITPOINT WARNING * * *
The adder bites you.
You die...

#########
#####........
#....@S......
#..>?..b.....
#..........).
#.............
###..#.....%..
#.##........
#.....# #.
#.##.....
#.....# #. #..
.###. #.#.#.#


You could see an adder and a bat.

Vanquished Creatures
  An adder (D:2)
  2 dart slugs (D:1)
  4 bats (D:1)
  A giant cockroach (D:2)
  8 goblins
  3 hobgoblins
  4 jackals (D:2)
  4 kobolds
  A ball python (D:1)
  A frilled lizard (D:2)
  5 rats
34 creatures vanquished.

Notes
Turn   | Place    | Note
-------+----------+-------------------------------------------
     0 | D:1      | Lurcharcal the Draconian Transmuter began the quest for the Orb.
     0 | D:1      | Reached XP level 1. HP: 16/16 MP: 3/3
    54 | D:1      | Reached XP level 2. HP: 8/23 MP: 3/5
   223 | D:1      | HP: 1/23 [dart slug/slug dart (2)]
   765 | D:1      | Reached XP level 3. HP: 27/28 MP: 4/6
  1194 | D:2      | HP: 1/28 [bat (1)]
  1194 | D:2      | Slain by an adder

Skill      XL: |  1  2  3 |
---------------+----------+-----
Dodging        | 2 |  2.0
Fighting       | |  1.2
Unarmed Combat | |  3.8
Spellcasting   | |  2.3
Transmutations | |  2.5

Action                   || total
-------------------------++-------
Melee: Unarmed           ||   120
       Kick              ||     8
       Tailslap          ||     8
       Punch             ||     2
       Headbutt          ||     4
 Cast: Beastly Appendage ||    13
  Use: Potion            ||     1
  Eat: Chunk             ||     1
Armor: Skin              ||    44
Dodge: Dodged            ||   116
